 Dungeon Crawl Stone Soup version 0.29.0-4-gdea44cf6ec (webtiles) character file.

Game seed: 7005141215838426733

144 qw the Chopper (level 5, -1/30 HPs)
             Began as a Tengu Warper on Aug 28, 2022.
             Slain by a gnoll
             ... wielding a +0 halberd
              (11 damage)
             ... on level 6 of the Dungeon.
             The game lasted 00:00:18 (2642 turns).

qw the Chopper (Tengu Warper)                       Turns: 2642, Time: 00:00:19

Health: -1/30      AC:  6    Str: 14    XL:     5   Next: 27%
Magic:  9/9        EV: 11    Int: 13    God:
Gold:   150        SH:  0    Dex: 13    Spells: 8/8 levels left

rFire   . . .      SeeInvis .   i - +0 war axe
rCold   . . .      Faith    .   (no shield)
rNeg    . . .      Spirit   .   e - +0 scale mail
rPois   .          Reflect  .   (helmet restricted)
rElec   .          Harm     .   (no cloak)
rCorr   .          Rampage  .   (no gloves)
Will    .....                   (boots unavailable)
Stlth   ..........              (no amulet)
HPRegen 0.10/turn               (no ring)
MPRegen 0.11/turn               (no ring)

@: flying quickly and evasively, quick
A: beak, talons 3, nimble flight
a: no special abilities


You were on level 6 of the Dungeon.
You visited 1 branch of the dungeon, and saw 4 of its levels.

You collected 150 gold pieces.


Innate Abilities, Weirdness & Mutations

You have a beak for a mouth.
You have claws for feet.
Your magical nature lets you fly swiftly and evasively.


   Skills:
 - Level 2.0 Fighting
 + Level 5.8 Axes
 - Level 1.0 Throwing
 - Level 1.1 Armour
 - Level 2.1 Dodging
 - Level 2.0 Spellcasting
 - Level 2.4 Translocations


You had 8 spell levels left.
You didn't know any spells.
Your spell library contained the following spells:

 Spells                   Type           Power      Damage    Failure   Level
 Blink                    Tloc           14%        N/A       54%         2
 Gell's Gravitas          Tloc           7%         N/A       77%         3
 Lesser Beckoning         Tloc           7%         N/A       77%         3
 Teleport Other           Tloc           7%         N/A       77%         3
 Manifold Assault         Tloc           7%         N/A       100%        5

Inventory:

Hand Weapons
 c - a +0 flail
 i - a +0 war axe (weapon)
Armour
 b - a +0 kite shield
 e - a +0 scale mail (worn)
 o - a +0 chain mail of fire resistance
Scrolls
 k - 3 scrolls of identify {unknown}
 m - a scroll of summoning {unknown}
 n - a scroll of amnesia {unknown}
Potions
 a - a potion of ambrosia {unknown}
 d - a potion of haste {unknown}
 f - a potion of berserk rage {unknown}
 g - a potion of invisibility {unknown}
 h - a potion of mutation {unknown}
 j - a potion of curing
 l - a potion of heal wounds {unknown}

Dungeon Overview and Level Annotations

Branches:
Dungeon (3/15)

Altars:

Shops:
D:1 [


Message History

A sourceless malevolence fills the Dungeon...
You are sucked into a shaft and drop 3 floors!
The shaft crumbles and collapses.
Found a scroll labelled IMOICEN RECEMUR.
Existing waypoints: (1) D:2 (2) D:3 Assign waypoint to what number? (0-9, D - delete waypoint) Waypoint 1 re-assigned from D:2 to D:6.
n - a scroll labelled IMOICEN RECEMUR A gnoll comes into view.
It is wielding a +0 flail.
2623 ||| Stepping ~*~*~tactically~*~*~ (stealth).
o - a +0 chain mail of fire resistance The gnoll shouts!
You barely miss the gnoll. You claw the gnoll. Your peck misses the gnoll.
The gnoll is lightly wounded.
The gnoll hits you with a +0 flail.
A gnoll comes into view. It is wielding a +0 whip.
You slash the gnoll!
The gnoll is severely wounded.
The gnoll hits you with a +0 flail!
You hit the gnoll. Your kick misses the gnoll.
The gnoll is almost dead.
The gnoll hits you with a +0 flail. The gnoll hits you but does no damage.
You slash the gnoll!
You kill the gnoll!
You barely miss the gnoll. You claw the gnoll. Your peck misses the gnoll.
The gnoll is lightly wounded.
The gnoll hits you with a +0 whip.
A gnoll comes into view. It is wielding a +0 halberd.
The gnoll shouts!
You hit the gnoll. Your peck misses the gnoll.
The gnoll is moderately wounded.
The gnoll barely misses you.
You hit the gnoll. You claw the gnoll.
You kill the gnoll!
2639 ||| Stepping ~*~*~tactically~*~*~ (hiding).
You start resting.
A gnoll is nearby!
The gnoll hits you with a +0 halberd!
You die...

### #.. #..
#### #..
#.. #.. #.#
#
#..##.###.#
#........?#
##..@.....#
####g#####
#.# #.# #.#
#.# #.# #..
#..


You could see a gnoll.

Vanquished Creatures
  Terence (D:2)
  Robin (D:2)
  3 gnolls
  An adder (D:2)
  A worm (D:2)
  A dart slug (D:1)
  2 endoplasms
  2 giant cockroaches
  10 goblins
  6 hobgoblins
  3 jackals (D:3)
  2 quokkas
  8 ball pythons
  7 bats
  5 frilled lizards
  6 kobolds
  7 rats
66 creatures vanquished.

Notes
Turn   | Place    | Note
-------+----------+-------------------------------------------
     0 | D:1      | qw the Tengu Warper began the quest for the Orb.
     0 | D:1      | Reached XP level 1. HP: 12/12 MP: 4/4
     0 | D:1      | 0 ||| qw: Version: 0.1-a-89-g26bdef1
     0 | D:1      | 0 ||| qw: Game counter: 1581
     0 | D:1      | 0 ||| qw: Always use a shield: true
     0 | D:1      | 0 ||| qw: God list: Okawaru
     0 | D:1      | 0 ||| qw: Allow faded altars: false
     0 | D:1      | 0 ||| qw: Do Orc after D:15 true
     0 | D:1      | 0 ||| qw: Do second Lair branch before Depths: true
     0 | D:1      | 0 ||| qw: Lair rune preference: random
     0 | D:1      | 0 ||| qw: Plans: Normal
     0 | D:1      | 0 ||| PLANNING D:1-11
   197 | D:1      | Found Rutetoocs's Antique Armour Shop.
   209 | D:1      | 209 ||| SHOPLISTING cloak (135 gold, have 18).
   209 | D:1      | 209 ||| SHOPLISTING glowing chain mail (225 gold, have 18).
   209 | D:1      | 209 ||| SHOPLISTING pair of runed gloves (225 gold, have
                  | 18).
   209 | D:1      | 209 ||| SHOPLISTING ring mail (120 gold, have 18).
   361 | D:1      | Reached skill level 3 in Axes
   361 | D:1      | Reached XP level 2. HP: 12/17 MP: 6/6
   541 | D:1      | 541 ||| DROPPING +0 club.
   658 | D:1      | Noticed a great orb of eyes
   662 | D:1      | 662 ||| Stepping ~*~*~tactically~*~*~ (stealth).
   696 | D:1      | Noticed an eye of devastation
   701 | D:1      | Found a faded altar of an unknown god.
   703 | D:1      | Noticed an eye of devastation
   703 | D:1      | Noticed a shining eye
   755 | D:1      | Reached XP level 3. HP: 21/21 MP: 7/7
   766 | D:1      | 766 ||| Stepping ~*~*~tactically~*~*~ (stealth).
   767 | D:1      | 767 ||| Stepping ~*~*~tactically~*~*~ (stealth).
   768 | D:1      | 768 ||| Stepping ~*~*~tactically~*~*~ (stealth).
   769 | D:1      | 769 ||| Stepping ~*~*~tactically~*~*~ (stealth).
   772 | D:1      | 772 ||| Stepping ~*~*~tactically~*~*~ (stealth).
   879 | D:1      | Reached skill level 4 in Axes
  1013 | D:1      | 1013 ||| READING scroll labelled LECAER QAADD.
  1014 | D:1      | 1014 ||| READING scroll labelled EKKASA ZEIM.
  1015 | D:1      | 1015 ||| DROPPING scroll of blinking.
  1035 | D:2      | 1035 ||| STAIRDANCE
  1289 | D:2      | 1289 ||| Stepping ~*~*~tactically~*~*~ (stealth).
  1314 | D:2      | 1314 ||| Stepping ~*~*~tactically~*~*~ (stealth).
  1323 | D:2      | 1323 ||| Stepping ~*~*~tactically~*~*~ (stealth).
  1328 | D:2      | Reached XP level 4. HP: 24/26 MP: 8/8
  1329 | D:2      | Noticed Terence
  1330 | D:2      | 1330 ||| Stepping ~*~*~tactically~*~*~ (stealth).
  1337 | D:2      | 1337 ||| FLEEEEING.
  1338 | D:2      | 1338 ||| FLEEEEING.
  1341 | D:2      | 1341 ||| FLEEEEING.
  1342 | D:2      | 1342 ||| FLEEEEING.
  1343 | D:2      | 1343 ||| FLEEEEING.
  1347 | D:2      | 1347 ||| FLEEEEING.
  1348 | D:2      | 1348 ||| FLEEEEING.
  1349 | D:2      | 1349 ||| FLEEEEING.
  1358 | D:2      | Killed Terence
  1359 | D:2      | Reached skill level 5 in Axes
  1510 | D:2      | 1510 ||| DROPPING +2 mace of protection.
  1530 | D:2      | Noticed Robin
  1539 | D:2      | Killed Robin
  2126 | D:2      | 2126 ||| SWAPPING to +0 war axe.
  2127 | D:2      | 2127 ||| DROPPING +1 hand axe.
  2128 | D:2      | 2128 ||| UPGRADING to +0 scale mail.
  2138 | D:2      | 2138 ||| DROPPING +0 leather armour.
  2197 | D:3      | 2197 ||| Stepping ~*~*~tactically~*~*~ (stealth).
  2198 | D:3      | 2198 ||| Stepping ~*~*~tactically~*~*~ (stealth).
  2253 | D:3      | Gained mutation: Your magical nature lets you fly swiftly
                  | and evasively. [Tengu growth]
  2253 | D:3      | Reached XP level 5. HP: 29/30 MP: 9/9
  2616 | D:3      | You are sucked into a shaft and drop 3 floors!
  2623 | D:6      | 2623 ||| Stepping ~*~*~tactically~*~*~ (stealth).
  2639 | D:6      | 2639 ||| Stepping ~*~*~tactically~*~*~ (hiding).
  2642 | D:6      | Slain by a gnoll

Levels and vault maps discovered:
D:1:      dpeg_arrival_tiny_c, layout_rooms,
          hellmonk_ecumenical_altar_watching_god, serial_shops, shop,
          chequers_decorated_corner, minmay_bisected
D:2:      layout_rooms, uniq_terence, uniq_robin
D:3:      layout_basic, serial_curves, eino_curves_01, eino_curves_03,
          eino_curves_03, eino_curves_03
D:6:      layout_loops_corners, gammafunk_temple_overflow_pools,
          gammafunk_ghost_smash, minmay_manual_maat

Skill      XL: |  1  2  3  4 |
---------------+-------------+-----
Axes           | 3 4 5 |  5.8
Fighting       | |  2.0
Throwing       | |  1.0
Armour         | |  1.1
Dodging        | |  2.1
Spellcasting   | |  2.0
Translocations | |  2.4

Action                   |  1- 3 |  4- 6 || total
-------------------------+-------+-------++-------
Melee: Hand axe          |    80 |    43 ||   123
       Peck              |    10 |    10 ||    20
       Kick              |    14 |    25 ||    39
       War axe           |       |    31 ||    31
       Punch             |       |     2 ||     2
Throw: Boomerang         |     7 |       ||     7
  Use: Scroll            |     2 |       ||     2
Armor: Leather armour    |    12 |     6 ||    18
       Scale mail        |       |     4 ||     4
Dodge: Dodged            |    39 |    31 ||    70

Table legend:
 A = Non-vault XP
 B = Vault XP
 C = Vault XP percentage of total XP
 D = Non-vault monster count
 E = Vault monster count
 F = Vault count percentage of total count
                 A         B        C        D         E       F
            +---------+---------+-------+---------+---------+-------
      Total |     138 |      69 |  33.3 |      56 |      10 |  15.2
            +---------+---------+-------+---------+---------+-------
        D:1 |      50 |       1 |   2.0 |      25 |       1 |   3.8
        D:2 |      39 |      68 |  63.6 |      17 |       9 |  34.6
        D:3 |      20 |       0 |   0.0 |      12 |       0 |   0.0
        D:6 |      29 |       0 |   0.0 |       2 |       0 |   0.0
            +---------+---------+-------+---------+---------+-------
